 Dungeon Crawl Stone Soup version 0.29.1-2-gbd0b4ee654 (webtiles) character file.

Game seed: 6557920382531800492

37 jamesblauser the Trooper (level 3, 0/31 HPs)
             Began as a Palentonga Fighter on Nov 9, 2022.
             Slain by Terence
             ... wielding a +4 trident of venom
              (5 damage)
             ... on level 2 of the Dungeon on Nov 10, 2022.
             The game lasted 00:08:38 (976 turns).

jamesblauser the Trooper (Palentonga Fighter)        Turns: 976, Time: 00:08:43

Health: 0/31       AC:  6    Str: 21    XL:     3   Next: 23%
Magic:  3/3        EV:  7    Int:  8    God:
Gold:   75         SH:  5    Dex: 11    Spells: 2/2 levels left

rFire   . . .      SeeInvis +   a - +0 war axe
rCold   . . .      Faith    .   c - +1 buckler
rNeg    . . .      Spirit   .   b - +0 scale mail
rPois   .          Reflect  .   (no helmet)
rElec   .          Harm     .   (no cloak)
rCorr   .          Rampage  .   (no gloves)
Will    .....                   (no barding)
Stlth   ..........              (no amulet)
HPRegen 0.10/turn               (no ring)
MPRegen 0.08/turn               (no ring)

@: lethally poisoned (0 -> -9)
A: large, rugged brown scales 3, see invisible, deformed body, roll 1, armoured
tail
a: Rolling Charge


You were on level 2 of the Dungeon.
You visited 1 branch of the dungeon, and saw 2 of its levels.

You collected 75 gold pieces.

Inventory:

Hand Weapons
 a - a +0 war axe (weapon)
Armour
 b - a +0 scale mail (worn)
 c - a +1 buckler (worn)
Magical Staves
 g - a staff of conjuration
Scrolls
 e - a scroll of magic mapping
 f - a scroll of identify
 h - a scroll of enchant weapon {unknown}
Potions
 d - a potion of might


   Skills:
 + Level 3.5 Fighting
 + Level 2.2 Axes
 + Level 2.8 Armour
 + Level 0.1 Dodging
 + Level 3.0 Shields


You had 2 spell levels left.
You didn't know any spells.
Your spell library was empty.

Dungeon Overview and Level Annotations

Branches:
Dungeon (2/15)

Altars:

Annotations:
D:2 Terence


Innate Abilities, Weirdness & Mutations

You are completely covered in rugged brown scales. (AC +3, +7% HP)
You have supernaturally acute eyesight. (SInv)
Armour fits poorly on your strangely shaped body.
You can roll at nearby foes to attack.
You have a long armoured tail.


Message History

h - a scroll labelled LOEDUCVIUCE You now have 75 gold pieces (gained 13).
You see here a +0 club.
Done exploring.
Done exploring.
Done exploring.
You see here a +0 club.
You see here a +0 dagger.
You see here a +0 dagger.
There is an escape hatch in the floor here.
You slide downwards.
The hatch slams shut behind you.
Found 2 scrolls labelled LOEDUCVIUCE.
Found an escape hatch in the ceiling.
There's nothing you can charge at! The bat hits you.
There's nothing you can charge at! There's nothing you can charge at!
a - a +0 war axe (weapon)
The bat hits you but does no damage. The bat hits you but does no damage.
The bat hits you. The bat completely misses you.
The bat hits you but does no damage. x2
You block the bat's attack.
Terence hits you from afar with a +4 trident of venom!
You are poisoned.
You feel very sick. You block Terence's attack.
The bat hits you but does no damage.
You feel sick. The bat hits you but does no damage. Terence closely misses you.
You slash Terence!
Terence is heavily wounded.
You feel sick. The bat barely misses you.
Terence hits you with a +4 trident of venom.
You are lethally poisoned!
You slash Terence!
Terence is almost dead.
You closely miss the bat.
* * * LOW HITPOINT WARNING * * *
You feel very sick. The bat hits you but does no damage.
Terence hits you with a +4 trident of venom.
You die...

###.#....
#.?....#
##.#...
#....##.#.#
#####.....<...#
#.......###....
#....b.........
#..............
#...@@......#.#
#.###...###.#
#. #...# # #
#...# #####


You could see Terence and a bat.

Vanquished Creatures
  A dart slug (D:1)
  3 ball pythons (D:1)
  3 endoplasms (D:1)
  3 giant cockroaches (D:1)
  3 hobgoblins (D:1)
  A jackal (D:1)
  3 kobolds (D:1)
  5 bats (D:1)
  2 frilled lizards (D:1)
  5 goblins (D:1)
  2 rats (D:1)
31 creatures vanquished.

Notes
Turn   | Place    | Note
-------+----------+-------------------------------------------
     0 | D:1      | jamesblauser the Palentonga Fighter began the quest for the
                  | Orb.
     0 | D:1      | Reached XP level 1. HP: 19/19 MP: 1/1
   194 | D:1      | Reached XP level 2. HP: 22/25 MP: 2/2
   448 | D:1      | Reached XP level 3. HP: 25/31 MP: 3/3
   966 | D:2      | Noticed Terence
   976 | D:2      | Slain by Terence

Illustrated notes

Levels and vault maps discovered:
D:1:      wheals_arrival_shading, layout_loops_cross, minmay_box_of_dots
D:2:      layout_loops_cross, serial_park_tiny_2, kennysheep_generic_room_14,
          uniq_terence

Skill      XL: |  1  2  3 |
---------------+----------+-----
Shields        | 3 |  3.0
Fighting       | |  3.5
Axes           | |  2.2
Armour         | |  2.8
Dodging        | |  0.1

Action                   || total
-------------------------++-------
Melee: War axe           ||    56
       Tailslap          ||     3
 Abil: Rolling Charge    ||     1
  Use: Scroll            ||     4
Armor: Scale mail        ||    41
Dodge: Dodged            ||    35
Block: Buckler           ||    18
